 Dungeon Crawl Stone Soup version 0.25-a0-843-g6944ee31a2 (webtiles) character file.

Game seed: 3703193275135389960, levelgen mode: deterministic

440 Esekla the Magician (level 7, -4/38 HPs)
             Began as a Tengu Ice Elementalist on Apr 25, 2020.
             Was an Initiate of Ashenzari.
             Killed by divine providence
             ... invoked by an orc priest
              (17 damage)
             ... on level 5 of the Dungeon.
             The game lasted 00:29:49 (4152 turns).

Esekla the Magician (Tengu Ice Elementalist)        Turns: 4152, Time: 00:29:50

Health: -4/38      AC:  5    Str:  8    XL:     7   Next: 2%
Magic:  15/23      EV: 13    Int: 17    God:    Ashenzari [......]
Gold:   184        SH:  0    Dex: 15    Spells: 4/14 levels left

rFire    . . .     SeeInvis .   f - +0 dagger
rCold    . . .     Gourm    .   (no shield)
rNeg     . . .     Faith    .   r - +0 leather armour
rPois    .         Spirit   .   (helmet restricted)
rElec    .         Reflect  .   (no cloak)
rCorr    .         Harm     .   i - +0 pair of gloves
MR       .....                  (boots unavailable)
Stlth    ++........             (no amulet)
HPRegen  0.12/turn              j - ring of magical power
MPRegen  0.18/turn              n - +1 ring of protection

@: very slightly contaminated
A: beak, talons 3, able to fly
a: Fly, Curse Item, Renounce Religion


You were on level 5 of the Dungeon.
You worshipped Ashenzari.
Ashenzari was noncommittal.
You were not hungry.

You visited 1 branch of the dungeon, and saw 5 of its levels.

You collected 184 gold pieces.

Inventory:

Hand Weapons
 f - a +0 dagger (weapon)
Missiles
 d - 11 javelins (quivered)
 k - 5 boomerangs
 v - 4 poisoned darts
Armour
 i - a +0 pair of gloves (worn)
 r - a +0 leather armour (worn)
Jewellery
 j - a ring of magical power (left hand)
 n - a +1 ring of protection (right hand)
 t - an uncursed ring of protection from fire
Scrolls
 b - a scroll of enchant armour {unknown}
 g - 5 scrolls of teleportation {unknown}
 p - a scroll of immolation {unknown}
 s - a scroll of magic mapping {unknown}
 u - a scroll of amnesia {unknown}
 x - a scroll of enchant weapon {unknown}
Potions
 a - a potion of stabbing
 e - 2 potions of lignification
 h - a potion of heal wounds
 l - 3 potions of curing
 m - a potion of invisibility
 q - 2 potions of haste
Comestibles
 c - 6 rations


   Skills:
 + Level 1.0 Fighting
 + Level 2.0 Short Blades
 * Level 2.9 Armour
 + Level 3.3 Dodging
 - Level 2.0 Stealth
 * Level 4.3 Spellcasting
 * Level 1.8 Charms
 * Level 1.2 Necromancy
 + Level 3.7 Ice Magic


You had 4 spell levels left.
You knew the following spells:

 Your Spells              Type           Power        Failure   Level  Hunger
a - Ozocubu's Armour      Chrm/Ice       ##......     21%         3    ###....
b - Freeze                Ice            ###.         4%          1    None
d - Vampiric Draining     Necr           #.........   36%         3    ###....
r - Frozen Ramparts       Ice            ###...       14%         3    ###....

Your spell library contained the following spells:

 Spells                   Type           Power        Failure   Level  Hunger
 Animate Skeleton         Necr           N/A          13%         1    None
 Pain                     Necr           #...         13%         1    None
 Hailstorm                Conj/Ice       ##......     69%         4    ####...
 Summon Ice Beast         Ice/Summ       ##......     69%         4    ####...
 Animate Dead             Necr           N/A          78%         4    ####...
 Agony                    Necr           #.......     98%         5    ######.


Dungeon Overview and Level Annotations

Branches:
Dungeon (5/15)
 Temple: D:4-7

Altars:
Ashenzari
Elyvilon
Fedhas
Kikubaaqudgha
Qazlal
Trog
Xom

Annotations:
D:4 exclusion: oklob plant


Innate Abilities, Weirdness & Mutations

You have a beak for a mouth.
You have claws for feet.
You can fly continuously.


Message History

Items here: ) [ ††† a +0 flail; a +0 chain mail; an orc corpse; a jackal corpse x2
You see here a +0 short sword.
d - 11 javelins (gained 1)
An orc wizard comes into view. It is wielding a +0 dagger.
An orc priest comes into view.
The orc wizard shouts!
You hear a shout!
An orc wizard comes into view. It is wielding a +0 dagger.
The orc priest shouts!
The orc wizard shouts!
The orc wizard casts a spell.
The orc wizard blinks!
The orc priest mumbles some strange prayers to Beogh against you.
Beogh smites you!
An orc comes into view.
The orc shouts!
The orc wizard gestures at you while chanting.
The puff of flame hits you!
The orc priest calls down the wrath of Beogh upon you.
Beogh smites you!
You die...

#............
#..........o.
#.......o....
.....#####............
#........##.....o......
.........##............
#........##............
+........####...#####..
#........# ##.@#
#........#####..#
#..........))...#
#+####'#########
#.#....# #######.#.##.#
........#.##.#
..........##.#
#############.#


You could see an orc priest, an orc wizard and an orc.

Vanquished Creatures
  A sky beast (D:4)
  A scorpion (D:4)
  A howler monkey (D:4)
  A hound (D:3)
  A bullfrog skeleton (D:4)
  2 worker ants (D:4)
  6 adders
  A shadow imp (D:5)
  2 worms
  2 dart slugs (D:4)
  3 leopard geckos
  6 orcs
  A ball python (D:2)
  5 giant cockroaches
  9 goblins
  4 hobgoblins
  10 jackals
  2 quokkas (D:3)
  12 bats
  4 frilled lizards
  4 kobolds
  5 rats
83 creatures vanquished.

Notes
Turn   | Place    | Note
-------+----------+-------------------------------------------
     0 | D:1      | Esekla the Tengu Ice Elementalist began the quest for the
                  | Orb.
     0 | D:1      | Reached XP level 1. HP: 10/10 MP: 4/4
   157 | D:1      | Reached skill level 1 in Armour
   159 | D:1      | Reached XP level 2. HP: 5/15 MP: 3/6
   644 | D:2      | Found a white marble altar of Elyvilon.
   707 | D:2      | Became a worshipper of Elyvilon the Healer
   905 | D:2      | Found an ancient bone altar of Kikubaaqudgha.
   920 | D:2      | Reached XP level 3. HP: 18/19 MP: 7/7
   938 | D:2      | Learned a level 3 spell: Ozocubu's Armour
  1311 | D:1      | Reached * piety under Elyvilon
  2143 | D:2      | Learned a level 3 spell: Frozen Ramparts
  2207 | D:3      | Reached ** piety under Elyvilon
  2237 | D:3      | Reached XP level 4. HP: 24/24 MP: 9/9
  2322 | D:3      | Found a stormy altar of Qazlal.
  2379 | D:3      | Reached skill level 3 in Spellcasting
  2458 | D:3      | Found a bloodstained altar of Trog.
  2662 | D:3      | Reached skill level 1 in Charms
  2699 | D:3      | Gained mutation: You can fly continuously. [Tengu growth]
  2699 | D:3      | Reached XP level 5. HP: 23/28 MP: 8/10
  2975 | D:4      | Reached skill level 1 in Short Blades
  3338 | D:4      | Reached XP level 6. HP: 33/33 MP: 12/12
  3515 | D:4      | Found a shattered altar of Ashenzari.
  3521 | D:4      | Fell from the grace of Elyvilon
  3521 | D:4      | Became a worshipper of Ashenzari the Shackled
  3600 | D:4      | Learned a level 3 spell: Vampiric Draining
  3608 | D:4      | Noticed a sky beast
  3624 | D:4      | Killed a sky beast
  3624 | D:4      | Reached skill level 4 in Spellcasting
  3750 | D:4      | Found a blossoming altar of Fedhas.
  3760 | D:4      | Reached skill level 1 in Fighting
  3821 | D:4      | Reached skill level 1 in Necromancy
  3839 | D:4      | Noticed an oklob plant
  3905 | D:3      | Found a shimmering altar of Xom.
  4066 | D:5      | Entered Level 5 of the Dungeon
  4135 | D:5      | Reached XP level 7. HP: 34/38 MP: 12/14
  4152 | D:5      | Killed from afar by an orc priest

Levels and vault maps discovered:
D:1:      lemuel_arrival_river_ford, layout_basic
D:2:      layout_basic, kiku_gazebo_pond_becter, first_ration, elyvilon_altar_3
D:3:      lemuel_upstairs_altar, layout_basic, grunt_qazlal_clouds,
          trog_three_pillars_becter
D:4:      layout_basic, tgw_fedhas, evilmike_ruin_ashenzari, minivault_14
D:5:      layout_basic, minmay_temple_entry_from_below_a,
          nicolae_ossuary_entry_giza

Skill      XL: |  1  2  3  4  5  6 |
---------------+-------------------+-----
Armour         | 1 2 |  2.9
Dodging        | 3 |  3.3
Spellcasting   | 3 4 |  4.3
Charms         | 1 |  1.8
Short Blades   | 1 2 |  2.0
Fighting       | 1 |  1.0
Necromancy     | 1 |  1.2
Stealth        | |  2.0
Ice Magic      | |  3.7

Action                   |  1- 3 |  4- 6 |  7- 9 || total
-------------------------+-------+-------+-------++-------
Melee: Dagger            |   112 |   104 |       ||   216
       Peck              |    19 |    17 |       ||    36
       Kick              |    19 |    31 |       ||    50
Throw: Javelin           |     3 |     1 |     1 ||     5
 Cast: Freeze            |    11 |       |       ||    11
       Ozocubu's Armour  |    10 |    14 |       ||    24
       Frozen Ramparts   |     1 |    16 |       ||    17
  Use: Scroll            |       |     7 |       ||     7
 Stab: Sleeping          |     7 |       |       ||     7
  Eat: Chunk             |     5 |     7 |       ||    12
       Ration            |       |     1 |       ||     1
Armor: Robe              |    31 |       |       ||    31
       Leather armour    |     2 |    43 |       ||    45
Dodge: Dodged            |    91 |    87 |       ||   178

Table legend:
 A = Non-vault XP
 B = Vault XP
 C = Vault XP percentage of total XP
 D = Non-vault monster count
 E = Vault monster count
 F = Vault count percentage of total count
                 A         B        C        D         E       F
            +---------+---------+-------+---------+---------+-------
      Total |     629 |       0 |   0.0 |      83 |       0 |   0.0
            +---------+---------+-------+---------+---------+-------
        D:1 |      34 |       0 |   0.0 |      23 |       0 |   0.0
        D:2 |      40 |       0 |   0.0 |      16 |       0 |   0.0
        D:3 |      97 |       0 |   0.0 |      21 |       0 |   0.0
        D:4 |     433 |       0 |   0.0 |      16 |       0 |   0.0
        D:5 |      25 |       0 |   0.0 |       7 |       0 |   0.0
            +---------+---------+-------+---------+---------+-------
